 Dungeon Crawl Stone Soup version 0.28.0-53-g5a82cb258f (webtiles) character file.

Game seed: 8083034313503138199

47832 XVortexX the Warrior (level 14, 0/136 (140) HPs)
             Began as a Minotaur Fighter on Aug 9, 2022.
             Was a High Priest of Trog.
             Slain by a red ugly thing (14 damage)
             ... while paralysed by an air elemental
             ... on level 1 of the Depths.
             The game lasted 01:08:37 (19418 turns).

XVortexX the Warrior (Minotaur Fighter)            Turns: 19418, Time: 01:08:39

HP:   0/136 (140)   AC: 35    Str: 31    XL:     14   Next: 10%
MP:   11/11         EV:  2    Int:  5    God:    Trog [*****.]
Gold: 292           SH:  0    Dex: 21    Spells: 13/13 levels left

rFire   . . .      SeeInvis .   b - +5 long sword (vorpal)
rCold   . . .      Faith    +   L - +0 tower shield
rNeg    + . .      Spirit   .   K - +15 Maxwell's patent armour {-Cast -Tele rElec Will+ rCorr}
rPois   +          Reflect  .   (helmet restricted)
rElec   +          Harm     .   l - +2 cloak of the Arcane {Dex+5 Stlth+}
rCorr   +          Rampage  .   s - +0 pair of gloves
Will    ++...      NoTele   +   (no boots)
Stlth   .......... NoCast   +   m - amulet of faith
HPRegen 0.32/turn               D - ring of Starshine {rPois rN+ rCorr Dex+5 Stlth+}
MPRegen 0.12/turn               I - +6 ring of strength

@: paralysed, on berserk cooldown, slowed, studying Maces & Flails, lightly
drained
A: horns 2, retaliatory headbutt, low MP 1, subdued magic 1
a: Renounce Religion, Berserk, Trog's Hand, Brothers in Arms


You were on level 1 of the Depths.
You worshipped Trog.
Trog was extremely pleased with you.
You visited 3 branches of the dungeon, and saw 17 of its levels.
You visited 1 bazaar.

You collected 995 gold pieces.
You spent 703 gold pieces at shops.

Inventory:

Hand Weapons
 a - the +1 triple sword "Pouso" {flame, rElec rPois}
   (Trog gifted it to you on level 15 of the Dungeon)

   It burns those it strikes, dealing additional fire damage.
   Big, fiery blades are also staple armaments of hydra-hunters.
   rElec:     It insulates you from electricity.
   rPois:     It protects you from poison.
 b - a +5 vorpal long sword (weapon)
Missiles
 e - a throwing net (quivered)
Armour
 l - the +2 cloak of the Arcane (worn) {Dex+5 Stlth+}
   (You acquired it on level 3 of the Dungeon)

   Dex:       It affects your dexterity (+5).
   Stlth:     It makes you more stealthy.
 s - a +0 pair of gloves (worn)
 K - the +15 Maxwell's patent armour (worn) {-Cast -Tele rElec Will+ rCorr}
   (You found it on level 14 of the Dungeon)

   rElec:     It insulates you from electricity.
   -Cast:     It prevents spellcasting.
   -Tele:     It prevents most forms of teleportation.
   rCorr:     It protects you from acid and corrosion.
   Will:      It increases your willpower.
 L - a +0 tower shield (worn)
Jewellery
 d - a +4 ring of evasion
 i - a ring of willpower
 m - an amulet of faith (around neck)
 o - a +6 ring of dexterity
 w - a ring of poison resistance
 D - the ring of Starshine (left hand) {rPois rN+ rCorr Dex+5 Stlth+}
   (You bought it in a shop in a bazaar)

   [ring of positive energy]

   Dex:       It affects your dexterity (+5).
   rPois:     It protects you from poison.
   rN:        It protects you from negative energy.
   rCorr:     It protects you from acid and corrosion.
   Stlth:     It makes you more stealthy.
 F - a ring of protection from fire
 I - a +6 ring of strength (right hand)
Wands
 p - a wand of flame (37)
 t - a wand of iceblast (1)
 u - a wand of charming (11)
Scrolls
 q - 5 scrolls of teleportation
 x - a scroll of noise
 y - 2 scrolls of torment
 E - a scroll of holy word
 H - a scroll of silence
Potions
 f - 3 potions of degeneration
 g - a potion of haste
 h - a potion of brilliance
 j - a potion of invisibility
 k - 5 potions of attraction
 r - a potion of ambrosia
 v - 2 potions of magic
 B - a potion of lignification
Miscellaneous
 A - a lightning rod (4/4)


   Skills:
 * Level 17.3 Fighting
 * Level 17.1 Long Blades
 + Level 12.7 Armour
 + Level 12.7 Shields


You had 13 spell levels left.
You didn't know any spells.
Your spell library contained the following spells:

 Spells                   Type           Power      Damage    Failure   Level
 Summon Small Mammal      Summ           0%         N/A       100%        1
 Ensorcelled Hibernation  Hex/Ice        0%         N/A       100%        2
 Passwall                 Tmut/Erth      0%         N/A       100%        2
 Searing Ray              Conj           0%         2d4       100%        2
 Swiftness                Air            0%         N/A       100%        3
 Lehudib's Crystal Spear  Conj/Erth      0%         10d2      100%        8
 Dragon's Call            Summ           0%         N/A       100%        9


Dungeon Overview and Level Annotations

Branches:
Dungeon (15/15)            Temple (1/1) D:5            Lair (0/6) D:8
    Orc (0/2) D:12         Vaults (0/5) D:14         Depths (1/4) D:15

Altars:
Ashenzari
Cheibriados
Dithmenos
Elyvilon
Fedhas
Gozag
Hepliaklqana
Kikubaaqudgha
Makhleb
Nemelex Xobeh
Okawaru
Qazlal
Ru
Sif Muna
Trog
Uskayaw
Vehumet
Wu Jian
Xom
Yredelemnul
Zin
The Shining One
Beogh

Shops:
D:6 [   D:14 =

Portals:
Hell: Depths:1

Annotations:
D:6 1 runed translucent door
Depths:1 Sojobo


Innate Abilities, Weirdness & Mutations

You have a pair of horns on your head.
You reflexively headbutt those who attack you in melee.
Your magical capacity is low. (-10% MP)
Your spells are a little easier to cast, but a little less powerful.


Message History

The tengu reaver hits you with a +3 great mace of draining!!
You partially resist.
You feel drained. The tengu reaver barely misses you.
You block the tengu reaver's attack.
The red ugly thing tentacle-slaps you but does no damage.
You block the purple very ugly thing's attack.
The air elemental hits you but does no damage.
You slice the purple very ugly thing!!
You kill the purple very ugly thing!
Trog accepts your kill.
You are no longer berserk.
You are exhausted.
You feel yourself slow down. You block the air elemental's attack.
The air elemental fires a burst of electricity at you.
The stunning burst hits you but does no damage.
You suddenly lose the ability to move!
The brown very ugly thing basks in the mutagenic energy from its kin and changes!
Sojobo waves her feathered arms in wide circles.
The air twists around and strikes you!!
The tengu reaver hits you with a +2 battleaxe!!
* * * LOW HITPOINT WARNING * * *
The tengu reaver pecks you but does no damage.
The tengu reaver claws you but does no damage.
The tengu reaver hits you but does no damage.
You partially resist. The tengu reaver pecks you.
* * * LOW HITPOINT WARNING * * *
The tengu reaver claws you.
* * * LOW HITPOINT WARNING * * *
The red ugly thing tentacle-slaps you but does no damage.
The air elemental hits you but does no damage. x2
The air elemental hits you.
* * * LOW HITPOINT WARNING * * *
The cyan very ugly thing basks in the mutagenic energy from its kin and changes!
The tengu reaver hits you but does no damage.
The tengu reaver pecks you but does no damage.
The tengu reaver claws you but does no damage.
The air elemental hits you but does no damage.
The red ugly thing tentacle-slaps you!
* * * LOW HITPOINT WARNING * * *
You are engulfed in flames!
You die...

#) ##.#####
##[.....# ..
#.......# ^.
#.......# ##.###
#=......# #...#.
#...uu..#
#.#...##..EE@Q.#
#........uuu†Q.#
#......)..uQu..#
.#.....††.Z.u...#
.......<...u#####
.#..u.......#
#..........#
#..........#
#..........#


You could see Sojobo (repels missiles), 4 very ugly things, 2 tengu reavers, 5
ugly things, 2 air elementals and an ettin zombie.

Vanquished Creatures
  Louise (D:15)
  A very ugly thing (Depths:1)
  4 vault guards (D:14)
  3 boulder beetles
  An ogre mage (D:14)
  4 centaur warriors
  2 death knights (D:15)
  10 two-headed ogres
  A tengu warrior (D:15)
  2 skeletal warriors (D:15)
  2 deep elf pyromancers
  A wizard (D:15)
  A necromancer (D:15)
  A deep elf zephyrmancer (D:15)
  The ghost of rozman the Poker, a novice DsGl of Makhleb (D:6)
  3 cyclopes (D:14)
  3 manticores
  17 ugly things
  2 orc sorcerers (D:15)
  A moth of wrath (shapeshifter) (D:14)
  2 centaur skeletons (D:15)
  Maggie (D:7)
  A kobold demonologist (D:10)
  2 freezing wraiths
  2 unseen horrors
  A redback zombie (D:15)
  A tengu conjurer (D:15)
  3 trolls
  A hornet (D:9)
  15 slime creatures
  2 vampires
  A centaur simulacrum (D:15)
  8 humans (D:14)
  2 wyverns (D:9)
  5 wraiths
  11 yaks
  10 vampire mosquitoes
  A basilisk (D:15)
  3 wargs (D:8)
  An acid dragon (D:11)
  2 black bears
  7 orc warriors
  An ice beast (D:7)
  4 ogres
  2 centaurs
  4 phantoms
  3 kobold brigands
  2 wyvern zombies
  4 bullfrogs
  3 scorpions
  2 gnoll sergeants
  5 killer bees (D:7)
  6 howler monkeys
  15 wights
  2 centaur zombies
  3 jellies
  A gnoll shaman (D:4)
  4 hounds
  A bullfrog skeleton (D:7)
  10 orc priests
  Terence (D:3)
  3 iguanas
  15 orc wizards
  A killer bee zombie (D:7)
  A hound skeleton (D:5)
  2 howler monkey zombies
  3 howler monkey skeletons
  12 gnolls
  7 adders
  A shadow imp (D:5)
  2 white imps (D:6)
  An ufetubus (D:6)
  An adder skeleton (D:4)
  2 worms
  A dart slug (D:4)
  47 orcs
  5 ball pythons
  4 bats
  2 endoplasms
  2 giant cockroaches
  11 hobgoblins
  4 jackals (D:2)
  16 kobolds
  2 quokkas
  5 frilled lizards
  4 goblins
  4 rats
374 creatures vanquished.

Vanquished Creatures (collateral kills)
  An ugly thing (Depths:1)
1 creature vanquished.

Vanquished Creatures (others)
  2 plants (Depths:1)
2 creatures vanquished.

Grand Total: 377 creatures vanquished

Notes
Turn   | Place    | Note
-------+----------+-------------------------------------------
     0 | D:1      | XVortexX the Minotaur Fighter began the quest for the Orb.
     0 | D:1      | Reached XP level 1. HP: 19/19 MP: 0/0
   211 | D:1      | Reached XP level 2. HP: 21/27 MP: 1/1
   935 | D:2      | Reached XP level 3. HP: 26/34 MP: 2/2
  1385 | D:2      | Reached XP level 4. HP: 41/41 MP: 3/3
  1448 | D:2      | Found a faded altar of an unknown god.
  1715 | D:3      | Identified a scroll of acquirement
  1715 | D:3      | Acquired the +2 cloak of the Arcane {Dex+5 Stlth+}
  1783 | D:3      | Noticed a scorpion
  1791 | D:3      | Killed a scorpion
  1792 | D:3      | Reached skill level 5 in Fighting
  1792 | D:3      | Reached XP level 5. HP: 22/48 MP: 4/4
  2229 | D:3      | Got the Reference Book on Supportive Conjuration
  2304 | D:3      | Noticed Terence
  2314 | D:3      | Killed Terence
  2887 | D:4      | HP: 2/48 [orc priest/divine providence (9)]
  2894 | D:4      | Reached XP level 6. HP: 14/56 MP: 5/5
  3188 | D:4      | Reached skill level 5 in Long Blades
  3188 | D:4      | Reached skill level 5 in Armour
  3628 | D:4      | Reached skill level 5 in Shields
  3628 | D:4      | Reached XP level 7. HP: 48/63 MP: 6/6
  4051 | D:5      | Entered Level 5 of the Dungeon
  4127 | D:5      | Found a staircase to the Ecumenical Temple.
  4861 | Temple   | Entered the Ecumenical Temple
  4906 | Temple   | Became a worshipper of Trog the Wrathful
  5351 | D:6      | Reached XP level 8. HP: 73/73 MP: 7/7
  5836 | D:6      | Found a runed translucent door.
  5837 | D:6      | Noticed rozman's ghost (novice DsGl)
  5905 | D:6      | Killed rozman's ghost
  6077 | D:6      | Reached * piety under Trog
  6078 | D:6      | Reached XP level 9. HP: 47/83 MP: 8/8
  6431 | D:6      | Found Polock's Antique Armour Shoppe.
  6439 | D:6      | Bought a glowing chain mail for 202 gold pieces
  6474 | D:6      | Found a runed translucent door.
  7025 | D:7      | Found a radiant altar of Vehumet.
  7103 | D:7      | Identified the +2 robe of the Blind Marksman {rC- rN+++
                  | Will- rCorr}
  7403 | D:7      | Acquired a +2 vorpal long sword
  7576 | D:7      | Found a broken altar of Ashenzari.
  7867 | D:7      | Noticed Maggie
  7879 | D:7      | Killed Maggie
  7880 | D:7      | Reached skill level 10 in Fighting
  8151 | D:7      | You fall into a shaft and drop 2 floors!
  8173 | D:9      | Reached ** piety under Trog
  8174 | D:9      | Reached skill level 10 in Long Blades
  8175 | D:9      | Noticed a two-headed ogre
  8180 | D:9      | Killed a two-headed ogre
  8181 | D:9      | Reached XP level 10. HP: 30/94 MP: 9/9
  8741 | D:9      | Found an iron altar of Okawaru.
  8992 | D:9      | Found an opulent altar of Gozag.
  9048 | D:9      | Paralysed by a hornet for 1 turns
  9721 | D:8      | Found a staircase to the Lair.
  9760 | D:8      | Reached *** piety under Trog
 10338 | D:8      | Found an ornate altar of the Wu Jian Council.
 10338 | D:8      | Found a glowing golden altar of the Shining One.
 10339 | D:8      | Found a stormy altar of Qazlal.
 10409 | D:8      | Found a burning altar of Makhleb.
 10411 | D:8      | Found a glowing silver altar of Zin.
 10411 | D:8      | Noticed an angel
 10412 | D:8      | Noticed a cacodemon
 10430 | D:8      | Found a shadowy altar of Dithmenos.
 10736 | D:10     | Entered Level 10 of the Dungeon
 10810 | D:10     | Noticed a two-headed ogre
 10815 | D:10     | Killed a two-headed ogre
 10816 | D:10     | Reached XP level 11. HP: 104/104 MP: 10/10
 11093 | D:10     | Noticed a sixfirhy
 11101 | D:10     | Gained mutation: Your spells are a little easier to cast,
                  | but a little less powerful. [a neqoxec]
 11102 | D:10     | Gained mutation: Your magical capacity is low. (-10% MP) [a
                  | neqoxec]
 11462 | D:10     | Reached **** piety under Trog
 12914 | D:11     | Noticed a two-headed ogre
 12920 | D:11     | Killed a two-headed ogre
 13171 | D:11     | Found a blossoming altar of Fedhas.
 13261 | D:12     | Noticed a two-headed ogre
 13268 | D:12     | Killed a two-headed ogre
 13340 | D:12     | Noticed a two-headed ogre
 13345 | D:12     | Killed a two-headed ogre
 13351 | D:12     | Reached skill level 10 in Shields
 13421 | D:12     | Noticed a two-headed ogre
 13441 | D:12     | Killed a two-headed ogre
 13442 | D:12     | Reached skill level 10 in Armour
 14549 | D:12     | Noticed a brown ugly thing
 14566 | D:12     | Killed a brown ugly thing
 14859 | D:12     | Found a staircase to the Orcish Mines.
 14990 | D:13     | Reached XP level 12. HP: 110/116 MP: 9/9
 15033 | D:13     | Noticed a centaur warrior
 15042 | D:13     | Killed a centaur warrior
 15179 | D:13     | Found a gate leading to a gauntlet.
 15604 | D:13     | Noticed a boulder beetle
 15611 | D:13     | Killed a boulder beetle
 15722 | D:13     | Reached ***** piety under Trog
 16254 | D:14     | Found a flickering gateway to a bazaar.
 16297 | Bazaar   | Entered a bazaar
 16297 | Bazaar   | Found Kixt's Weapon Boutique.
 16297 | Bazaar   | Found Zerij's General Store.
 16416 | Bazaar   | Found Raggamun's Book Shop.
 16465 | Bazaar   | Found Ryhudom's Jewellery Boutique.
 16514 | Bazaar   | Bought the ring of Starshine {rPois rN+ rCorr Dex+5 Stlth+}
                  | for 501 gold pieces
 16573 | D:14     | Reached skill level 15 in Fighting
 16756 | D:14     | Reached skill level 15 in Long Blades
 16800 | D:14     | Found Xautiom's Jewellery Boutique.
 16907 | D:14     | Noticed a vault guard
 16907 | D:14     | Noticed a vault guard
 16911 | D:14     | Killed a vault guard
 16915 | D:14     | Killed a vault guard
 16915 | D:14     | Noticed a vault guard
 16919 | D:14     | Noticed a vault guard
 16938 | D:14     | Killed a vault guard
 16939 | D:14     | Reached XP level 13. HP: 127/127 MP: 10/10
 17049 | D:14     | Found a gate to the Vaults.
 17056 | D:14     | Found the +15 Maxwell's patent armour {-Cast -Tele rElec
                  | Will+ rCorr}
 17782 | D:15     | Entered Level 15 of the Dungeon
 17946 | D:15     | Noticed Louise
 17973 | D:15     | Killed Louise
 18757 | D:15     | Identified the +1 triple sword "Pouso" {flame, rElec rPois}
                  | (Trog gifted it to you on level 15 of the Dungeon)
 18757 | D:15     | Received a gift from Trog
 18823 | D:15     | Found a staircase to the Depths.
 19101 | D:15     | Reached XP level 14. HP: 140/140 MP: 11/11
 19392 | Depths:1 | Entered Level 1 of the Depths
 19392 | Depths:1 | Noticed Sojobo
 19392 | Depths:1 | Noticed a tengu reaver
 19392 | Depths:1 | Noticed a tengu reaver
 19392 | Depths:1 | Noticed a brown very ugly thing
 19392 | Depths:1 | Noticed a brown very ugly thing
 19392 | Depths:1 | Noticed a brown very ugly thing
 19392 | Depths:1 | Noticed a brown very ugly thing
 19392 | Depths:1 | Found a gateway to Hell.
 19393 | Depths:1 | Noticed a brown very ugly thing
 19417 | Depths:1 | Killed a purple very ugly thing
 19417 | Depths:1 | Paralysed by an air elemental for 1 turns
 19418 | Depths:1 | Slain by a red ugly thing

Illustrated notes

Levels and vault maps discovered:
D:1:      lightli_arrival_statue_moat, layout_basic, minmay_tree_intersection,
          minivault_4
D:2:      layout_basic, hellmonk_ecumenical_altar_prayer_group, st_stairs_9,
          kennysheep_path_1
D:3:      layout_basic, grunt_ministairs_11, uniq_terence
D:4:      layout_basic, sigmund_army
D:5:      layout_loops_cross, minmay_temple_entry_glass,
          kennysheep_generic_room_4
D:6:      nicolae_BIG_FREAKIN_CUBE, layout_cave_pods, serial_shops,
          nicolae_square_shop, ebering_ghost_sewer_f, serial_glass,
          glass_columns_b, glass_columns_b
D:7:      layout_loops_corners, ashenzari_altar_1, fiery_altar_vehumet,
          minmay_fractal_squares_diagonal_5, uniq_maggie
D:8:      layout_rooms, grunt_temple_overflow_order_and_chaos_2,
          gammafunk_temple_overflow_forgotten, grunt_dithmenos_shadows,
          erik_lair_orcish_takeover
D:9:      layout_long_grid, lemuel_doored_altar, okawaru_gym_becter
D:10:     layout_loops_ring
D:11:     layout_loops_corners, fedhas_altar_4
D:12:     layout_stronghold, david_orc_5
D:13:     layout_rooms, gauntlet_entry_generic
D:14:     layout_roguey, ximxim_vaults_locker_room, serial_shops,
          bzr_in_the_mist, minmay_shop_enchanted_jewellery
D:15:     grunt_enter_depths_magical_seal, layout_basic, serial_bayou_crossing,
          uniq_louise
Temple:   minmay_temple_bridge_abc
Depths:1: layout_basic, hell_entry, amcnicky_mini_rare_corridor_liquid,
          nicolae_yredelemnul_corpse_copse, serial_bayou_shore_b,
          serial_bayou_shore_b, minmay_shoptagon, serial_bayou_shore_a,
          uniq_sojobo

Skill      XL: |  1  2  3  4  5  6  7  8  9 10 11 12 13 14 |
---------------+-------------------------------------------+-----
Fighting       | 4 5 6 7 9 10 12 13 15 17 | 17.3
Long Blades    | 3 4 5 6 8 10 11 13 15 16 17 | 17.1
Armour         | 4 5 6 8 9 10 11 12 | 12.7
Shields        | 4 5 6 8 9 10 11 12 | 12.7

Action                   |  1- 3 |  4- 6 |  7- 9 | 10-12 | 13-15 || total
-------------------------+-------+-------+-------+-------+-------++-------
Melee: Long sword        |    60 |   106 |   233 |   549 |   272 ||  1220
       Headbutt          |     5 |    18 |    57 |   128 |    62 ||   270
Invok: Berserk           |       |       |     2 |    15 |     2 ||    19
       Trog's Hand       |       |       |       |     2 |     1 ||     3
       Brothers in Arms  |       |       |       |       |     1 ||     1
  Use: Scroll            |       |     8 |    13 |    11 |     2 ||    34
       Potion            |       |     2 |     4 |     2 |     1 ||     9
 Stab: Sleeping          |       |     1 |     3 |       |       ||     4
Armor: Scale mail        |    27 |    40 |    41 |       |       ||   108
       Chain mail        |       |       |    82 |   240 |       ||   322
       Plate armour      |       |       |       |       |   162 ||   162
Dodge: Dodged            |    37 |    62 |   120 |   230 |    44 ||   493
Block: Buckler           |    16 |    38 |    86 |   183 |       ||   323
       Tower shield      |       |       |       |       |   119 ||   119
       Kite shield       |       |       |       |       |    60 ||    60
